 Dungeon Crawl Stone Soup version 0.27.1-33-g824d729ab1 (webtiles) character file.

Game seed: 2148255203035756098

5858 Descartes the Shield-Bearer (level 10, -5/47 HPs)
             Began as a Spriggan Wanderer on Dec 5, 2021.
             Killed from afar by Fannar (31 damage)
             ... with a bolt of cold
             ... on level 2 of the Lair of Beasts on Dec 7, 2021.
             The game lasted 01:05:26 (17687 turns).

Descartes the Shield-Bearer (Spriggan Wanderer)    Turns: 17687, Time: 01:05:26

Health: -5/47      AC: 11    Str: 10    XL:     10   Next: 52%
Magic:  12/18      EV: 19    Int: 14    God:
Gold:   488        SH:  9    Dex: 16    Spells: 0/19 levels left

rFire    . . .     SeeInvis +   a - +2 dagger (freeze)
rCold    . . .     Faith    .   g - +2 buckler
rNeg     . . .     Spirit   .   c - +0 robe
rPois    .         Reflect  .   (helmet restricted)
rElec    .         Harm     .   J - +0 cloak
rCorr    .         Rampage  .   (gloves unavailable)
Will     +....                  (boots unavailable)
Stlth    +++.......             (no amulet)
HPRegen  0.15/turn              f - +4 ring of protection
MPRegen  0.16/turn              t - +4 ring of protection

@: very quick
A: very small, no large weapons, unfitting armour, see invisible, speed 3
a: no special abilities


You were on level 2 of the Lair of Beasts.
You visited 3 branches of the dungeon, and saw 12 of its levels.

You collected 488 gold pieces.

Inventory:

Hand Weapons
 a - a +2 dagger of freezing (weapon)
 b - a +0 hunting sling
 w - a +0 shortbow
 I - a +1 long sword of holy wrath
 Q - a +0 arbalest
Missiles
 e - 321 stones
 o - 107 arrows
 q - 13 boomerangs
 x - 122 sling bullets
 y - 3 curare-tipped darts
 C - 29 poisoned darts
Armour
 c - a +0 robe (worn)
 g - a +2 buckler (worn)
 J - a +0 cloak (worn)
Jewellery
 f - a +4 ring of protection (left hand)
 t - a +4 ring of protection (right hand)
 F - a ring of protection from fire
Wands
 v - a wand of flame (32)
 H - a wand of polymorph (3)
 K - a wand of mindburst (3)
 L - a wand of charming (9)
 R - a wand of iceblast (8)
Scrolls
 h - 2 scrolls of amnesia {unknown}
 i - 5 scrolls of identify {unknown}
 j - 7 scrolls of teleportation {unknown}
 k - a scroll of fog {unknown}
 m - 2 scrolls of noise {unknown}
 p - 2 scrolls of magic mapping {unknown}
 r - 2 scrolls of vulnerability {unknown}
 u - a scroll of torment {unknown}
 B - a scroll of blinking {unknown}
 N - a scroll of acquirement {unknown}
 P - a scroll of fear {unknown}
Potions
 d - a potion of magic {unknown}
 l - 2 potions of haste {unknown}
 n - 5 potions of lignification {unknown}
 s - 2 potions of cancellation {unknown}
 z - a potion of might {unknown}
 A - a potion of invisibility
 D - 2 potions of resistance {unknown}
 E - 2 potions of attraction {unknown}
 G - 8 potions of curing
 M - a potion of degeneration {unknown}
Miscellaneous
 O - a tin of tremorstones (2/2)


   Skills:
 - Level 2.4 Fighting
 + Level 4.6 Short Blades
 - Level 5.0 Dodging
 + Level 5.0 Stealth
 * Level 6.1 Shields
 - Level 5.0 Spellcasting
 + Level 4.0 Conjurations
 - Level 5.0 Hexes
 - Level 1.0 Necromancy
 - Level 5.0 Transmutations
 + Level 4.1 Fire Magic
 + Level 0.5 Air Magic
 + Level 5.1 Poison Magic
 + Level 5.0 Evocations


You couldn't memorise any spells.
You knew the following spells:

 Your Spells              Type           Power      Damage    Failure   Level
a - Sting                 Tmut/Pois      68%        1d6       2%          1
b - Magic Dart            Conj           56%        1d5       3%          1
c - Corona                Hex            18%        N/A       2%          1
d - Ignite Poison         Fire/Tmut/Pois 16%        N/A       8%          3
e - Poisonous Vapours     Pois/Air       22%        N/A       9%          2
f - Blink                 Tloc           N/A        N/A       28%         2
g - Conjure Flame         Conj/Fire      14%        6-21      11%         3
h - Invisibility          Hex            8%         N/A       98%         6

Your spell library contained the following spells:

 Spells                   Type           Power      Damage    Failure   Level
 Slow                     Hex            17%        N/A       3%          2
 Static Discharge         Conj/Air       9%         N/A       11%         2
 Pain                     Necr           24%        1d5       12%         1
 Mephitic Cloud           Conj/Pois/Air  12%        N/A       16%         3
 Summon Guardian Golem    Hex/Summ       10%        N/A       21%         3
 Olgreb's Toxic Radiance  Pois           17%        N/A       22%         4
 Call Imp                 Summ           3%         N/A       28%         2
 Fulminant Prism          Conj/Hex       8%         3d7       28%         4
 Sticky Flame             Conj/Fire      14%        2d4       34%         4
 Dispel Undead            Necr           6%         3d8       77%         4
 Agony                    Necr           6%         N/A       98%         5
 Excruciating Wounds      Necr           3%         N/A       98%         5
 Orb of Destruction       Conj           7%         9d3       100%        7
 Spellforged Servitor     Conj/Summ      4%         N/A       100%        7


Dungeon Overview and Level Annotations

Branches:
Dungeon (9/15)             Temple (1/1) D:7            Lair (2/6) D:9
  Swamp: Lair:2-4    Shoals: Lair:2-4     Snake: Lair:2-4    Spider: Lair:2-4
    Orc: D:9-12

Altars:
Ashenzari
Cheibriados
Dithmenos
Elyvilon
Fedhas
Hepliaklqana
Kikubaaqudgha
Makhleb
Nemelex Xobeh
Okawaru
Qazlal
Ru
Sif Muna
Trog
Uskayaw
Wu Jian
Xom
Yredelemnul
Zin
The Shining One

Shops:
D:3 ?   D:4 [

Annotations:
D:9 Prince Ribbit
Lair:2 Fannar


Innate Abilities, Weirdness & Mutations

You are very small and have problems with some larger weapons.
You are too small for most types of armour.
You have supernaturally acute eyesight. (SInv)
You cover ground extremely quickly. (Speed+++)


Message History

Aim: Fannar, wielding a +0 quarterstaff of freezing, wearing a +1 robe of cold resistance and wearing a ring of ice (lightly wounded)
You miscast Poisonous Vapours.
You are very lightly contaminated with residual magic.
Nothing appears to happen.
Fannar gestures at you while chanting. The bolt of cold hits you!!
Casting: Poisonous Vapours (safe; 9% risk of failure)
Confirm with . or Enter, or press ? or * to list all spells.
Aiming: Poisonous Vapours (safe; 9% risk of failure)
Press: ? - help, Dir - move target, f/p - Fannar
Aim: Fannar, wielding a +0 quarterstaff of freezing, wearing a +1 robe of cold resistance and wearing a ring of ice (lightly wounded) Poisonous vapours surround Fannar!
Fannar is poisoned.
Casting: Poisonous Vapours (safe; 9% risk of failure)
Confirm with . or Enter, or press ? or * to list all spells.
You ignite the poison in your surroundings!
Fannar seems to burn from within!
Fannar is moderately wounded.
Fannar misses you.
Fannar is nearby!
Aiming: Throw Flame
Press: ? - help, Shift-Dir - straight line, f/p - Fannar
Aim: Fannar, wielding a +0 quarterstaff of freezing, wearing a +1 robe of cold resistance and wearing a ring of ice (moderately wounded, 57% to hit)
The puff of flame misses Fannar.
Aiming: Throw Flame
Press: ? - help, Shift-Dir - straight line, f/p - Fannar
Aim: Fannar, wielding a +0 quarterstaff of freezing, wearing a +1 robe of cold resistance and wearing a ring of ice (moderately wounded, 57% to hit)
The puff of flame misses Fannar.
Your magical contamination has completely faded away.
Aiming: Mindburst
Press: ? - help, Shift-Dir - straight line, f/p - Fannar
Aim: Fannar, wielding a +0 quarterstaff of freezing, wearing a +1 robe of cold resistance and wearing a ring of ice (lightly wounded, chance to affect: 34%) Fannar's mind is blasted!
You block Fannar's attack.
Aiming: Mindburst
Press: ? - help, Shift-Dir - straight line, f/p - Fannar
Aim: Fannar, wielding a +0 quarterstaff of freezing, wearing a +1 robe of cold resistance and wearing a ring of ice (moderately wounded, chance to affect: 34%) Fannar easily resists.
Fannar points at you and mumbles some strange words.
The bolt of cold hits you!!
Ouch! That really hurt!
You die...

#... .##... #...# ..#....##. #.
#....####.##..... #.##
................. #P...
..................######.....
.............................
.............................
......##....#................
......##P.#.##..@e..#.##..##
......##....##.....###.##..#
......#...[..#..>..##......#
#......#...........##......#
......#.....##.....##..........
#..(........#......##..........
#.....##....##.....##......##..
#.....#.....##......#.###.+# .
.......###..##.....P#. #.


You could see Fannar.

Vanquished Creatures
  A hydra (D:9)
  Joseph (D:8)
  Psyche (D:8)
  A wraith (D:9)
  Sigmund (D:4)
  2 wyverns (D:8)
  A steam dragon (D:7)
  10 yaks
  Duvessa (D:7)
  A water moccasin (Lair:2)
  An ice beast (D:7)
  An orc warrior (D:7)
  2 black bears
  2 centaurs
  A phantom (D:6)
  A gnoll sergeant (D:4)
  A scorpion (D:4)
  3 bullfrogs
  Dowan (D:7)
  4 killer bees
  6 wights (D:8)
  A howler monkey (D:7)
  3 centaur zombies
  2 centaur skeletons (D:7)
  4 hounds
  2 bullfrog zombies (D:5)
  2 iguanas
  5 orc wizards
  A killer bee zombie (D:7)
  A mummy (D:8)
  2 howler monkey zombies
  5 gnolls (D:4)
  9 adders
  A shadow imp (D:4)
  A white imp (D:7)
  An ufetubus (D:4)
  An adder skeleton (D:5)
  2 worms
  A dart slug (D:3)
  23 orcs
  7 ball pythons
  9 endoplasms
  2 giant cockroaches (D:2)
  9 goblins
  8 hobgoblins
  2 quokkas
  7 bats
  3 frilled lizards
  4 kobolds
  6 rats
  A butterfly (D:8)
168 creatures vanquished.

Notes
Turn   | Place    | Note
-------+----------+-------------------------------------------
     0 | D:1      | Descartes the Spriggan Wanderer began the quest for the
                  | Orb.
     0 | D:1      | Descartes set off with the following items: a +0 spear, a
                  | +0 buckler, a +0 robe; and the following spell memorised:
                  | Magic Dart; and the following spells available to memorise:
                  | Blink, Call Imp, Slow, Conjure Flame, Mephitic Cloud
     0 | D:1      | Reached XP level 1. HP: 11/11 MP: 3/3
   170 | D:1      | Learned a level 1 spell: Sting
   173 | D:1      | Reached XP level 2. HP: 5/16 MP: 3/5
  1468 | D:2      | Reached skill level 1 in Poison Magic
  1770 | D:2      | Reached XP level 3. HP: 19/19 MP: 3/6
  2176 | D:2      | Found a faded altar of an unknown god.
  2397 | D:2      | Reached skill level 2 in Shields
  3219 | D:3      | Got the Papyrus of Bewitchment and the Volcanoes
  3222 | D:3      | Learned a level 1 spell: Corona
  3273 | D:3      | Reached XP level 4. HP: 23/23 MP: 7/7
  3387 | D:3      | Found Nixzat's Magic Scroll Shop.
  4463 | D:3      | Found a blossoming altar of Fedhas.
  4577 | D:3      | Found a burning altar of Makhleb.
  4579 | D:3      | Noticed a balrug
  4583 | D:3      | Noticed a neqoxec
  4583 | D:3      | Noticed a hellwing
  5066 | D:4      | Noticed a scorpion
  5084 | D:4      | Killed a scorpion
  5085 | D:4      | Reached skill level 1 in Hexes
  5085 | D:4      | Reached XP level 5. HP: 27/27 MP: 4/8
  5129 | D:4      | Noticed Sigmund
  5154 | D:4      | Killed Sigmund
  5155 | D:4      | Reached skill level 1 in Conjurations
  5155 | D:4      | Reached skill level 5 in Transmutations
  5155 | D:4      | Reached skill level 1 in Fire Magic
  5155 | D:4      | Reached XP level 6. HP: 17/32 MP: 0/10
  5326 | D:4      | Learned a level 3 spell: Ignite Poison
  5329 | D:4      | Learned a level 2 spell: Poisonous Vapours
  5844 | D:4      | Reached skill level 3 in Shields
  5996 | D:4      | Reached XP level 7. HP: 31/35 MP: 2/11
  6610 | D:4      | Found Vyfotif's Armour Shop.
  6748 | D:5      | Entered Level 5 of the Dungeon
  6984 | D:4      | Learned a level 2 spell: Blink
  7270 | D:5      | Found the +7 Singing Sword {vorpal, sonic wave}
  8277 | D:5      | Noticed a shadow
  9812 | D:7      | Found a white marble altar of Elyvilon.
  9870 | D:7      | Found a staircase to the Ecumenical Temple.
  9875 | Temple   | Entered the Ecumenical Temple
 10159 | D:7      | Reached XP level 8. HP: 30/39 MP: 5/13
 10526 | D:7      | Reached skill level 4 in Shields
 10813 | D:7      | Found a stormy altar of Qazlal.
 10844 | D:7      | Found a hazy altar of Hepliaklqana.
 10890 | D:7      | Noticed Duvessa
 10890 | D:7      | Noticed Dowan
 10923 | D:7      | Killed Duvessa
 10924 | D:7      | Killed Dowan
 11171 | D:7      | Reached skill level 1 in Dodging
 11171 | D:7      | Reached skill level 5 in Poison Magic
 11280 | D:7      | Reached skill level 1 in Evocations
 11566 | D:7      | Found a shimmering altar of Xom.
 11571 | D:7      | Noticed an angel
 11585 | D:7      | Reached skill level 1 in Short Blades
 11599 | D:7      | Learned a level 3 spell: Conjure Flame
 11765 | D:7      | Found a glowing silver altar of Zin.
 11985 | D:7      | Reached skill level 5 in Stealth
 12137 | D:7      | Reached XP level 9. HP: 36/43 MP: 10/16
 12757 | D:8      | Found a glowing golden altar of the Shining One.
 12879 | D:8      | Noticed Joseph
 12911 | D:8      | Killed Joseph
 12912 | D:8      | Reached skill level 5 in Shields
 13052 | D:8      | Noticed Psyche
 13079 | D:8      | Killed Psyche
 13080 | D:8      | Reached skill level 5 in Spellcasting
 13080 | D:8      | Reached skill level 5 in Hexes
 13407 | D:8      | Found a basalt altar of Yredelemnul.
 13409 | D:8      | Noticed a profane servitor
 13578 | D:8      | Reached XP level 10. HP: 47/47 MP: 16/18
 15750 | D:8      | Noticed an angel
 15826 | D:9      | Learned a level 6 spell: Invisibility
 16324 | D:9      | Found a staircase to the Lair.
 16328 | Lair:1   | Entered Level 1 of the Lair of Beasts
 16328 | Lair:1   | Noticed a four-headed hydra
 16342 | D:9      | Killed a four-headed hydra
 16343 | D:9      | Reached skill level 5 in Dodging
 16343 | D:9      | Reached skill level 5 in Evocations
 16714 | D:9      | Reached skill level 6 in Shields
 16758 | D:9      | Noticed Prince Ribbit
 17597 | Lair:1   | You fall into a shaft and drop 1 floor!
 17664 | Lair:2   | Noticed Fannar
 17687 | Lair:2   | Killed from afar by Fannar

Illustrated notes

Levels and vault maps discovered:
D:1:      wheals_arrival_shading, layout_basic
D:2:      layout_loops_ring, ebering_ecumenical_altar_abandoned,
          grunt_ministairs_13
D:3:      layout_loops_corners, makhleb_altar_promises_db, lemuel_round_altar,
          serial_shops, shop
D:4:      layout_basic, serial_shops, nicolae_diamond_shop,
          minmay_misc_feat_columns, kennysheep_doodads,
          hangedman_decor_riveting, chequers_jeans, serial_park_tiny_2,
          uniq_sigmund
D:5:      cheibrodos_quashed, layout_basic, serial_rivers,
          chequers_serial_rivers_micro_d, chequers_serial_rivers_room_b,
          chequers_serial_rivers_marsh, chequers_serial_rivers_room_b,
          amcnicky_mini_rare_corridor_liquid
D:6:      layout_cave_pools
D:7:      layout_rooms, grunt_temple_overflow_order_and_chaos_1,
          mainiacjoe_overflow_concentric_impassable, mainiacjoe_overflow_swirl,
          minmay_temple_entry_butterflies, kennysheep_generic_room_10,
          uniq_duvessa
D:8:      layout_layer_cave, grunt_temple_overflow_holy_war,
          gup_ossuary_entry_pyramid, uniq_psyche, uniq_joseph
D:9:      layout_stronghold, lair_entry_dummy, serial_column_ruins,
          column_ruins_courtyard_long, column_ruins_hut, column_ruins_grid_1,
          column_ruins_open_tiny, column_ruins_open_tiny,
          column_ruins_open_tiny, column_ruins_corridor_corner,
          column_ruins_grid_4, column_ruins_open_small, uniq_prince_ribbit1
Temple:   minmay_temple_curvy_loop
Lair:1:   layout_long_grid
Lair:2:   layout_regular_city, skrybe_swamp_entry_bodies, grunt_megastairs_3,
          uniq_erica, uniq_fannar

Skill      XL: |  1  2  3  4  5  6  7  8  9 10 |
---------------+-------------------------------+-----
Poison Magic   | 1 2 3 4 5 |  5.1
Shields        | 2 3 4 5 6 |  6.1
Hexes          | 1 2 3 4 5 |  5.0
Spellcasting   | 2 3 4 5 |  5.0
Conjurations   | 1 2 3 4 |  4.0
Transmutations | 5 |  5.0
Fire Magic     | 1 2 3 4 |  4.1
Stealth        | 2 3 5 |  5.0
Dodging        | 2 4 5 |  5.0
Evocations     | 2 4 5 |  5.0
Short Blades   | 1 3 4 |  4.6
Fighting       | |  2.4
Necromancy     | |  1.0
Air Magic      | |  0.5

Action                   |  1- 3 |  4- 6 |  7- 9 | 10-12 || total
-------------------------+-------+-------+-------+-------++-------
Melee: Spear             |    70 |    21 |    81 |       ||   172
       Dagger            |       |       |   197 |    78 ||   275
       Long sword        |       |       |     2 |    68 ||    70
 Fire: Hunting sling     |       |       |    21 |    11 ||    32
 Cast: Sting             |    49 |    87 |   189 |    22 ||   347
       Magic Dart        |    21 |    31 |    68 |     8 ||   128
       Corona            |       |       |    13 |    13 ||    26
       Conjure Flame     |       |       |     1 |       ||     1
       Blink             |       |       |     1 |     3 ||     4
       Poisonous Vapours |       |       |       |     9 ||     9
       Ignite Poison     |       |       |       |     6 ||     6
Evoke: Wand              |       |       |    12 |     6 ||    18
  Use: Potion            |       |       |       |     1 ||     1
 Stab: Sleeping          |     2 |       |     1 |     1 ||     4
       Invisible         |       |       |       |     1 ||     1
Armor: Robe              |    11 |    15 |   108 |    18 ||   152
Dodge: Dodged            |    33 |    23 |   206 |   124 ||   386
Block: Buckler           |    29 |    17 |   200 |    83 ||   329
       Rpst.: Long sword |       |       |     1 |    14 ||    15
